 Dungeon Crawl Stone Soup version 0.30-a0-1161-g0704695555 (webtiles) character file.

Game seed: 764139216126651167

65 kae the Insei (level 3, -1/27 HPs)
             Began as a Demigod Transmuter on Apr 27, 2023.
             Slain by an iguana (9 damage)
             ... on level 2 of the Dungeon.
             The game lasted 00:01:32 (1301 turns).

kae the Insei (Demigod Transmuter)                  Turns: 1301, Time: 00:01:33

Health: -1/27      AC:  4    Str: 11    XL:     3   Next: 67%
Magic:  5/9        EV: 12    Int: 19    God:
Gold:   95         SH:  0    Dex: 14    Spells: 0/6 levels left

rFire   . .          .
                       - Unarmed
rCold   . . .        (no shield)
rNeg    + . .        a - +0 robe
rPois   .            (no helmet)
rElec   .            c - +1 cloak
rCorr   .            (no gloves)
SInv    .            (no boots)
Will    .....        (no amulet)
Stlth   +            N - ring of positive energy
HPRegen 0.24/turn    (no ring)
MPRegen 0.11/turn

%: no passive effects
@: wereblooded
A: high MP 1, forlorn, divine attributes
a: no special abilities


You were on level 2 of the Dungeon.
You visited 1 branch of the dungeon, and saw 2 of its levels.

You collected 95 gold pieces.


Innate Abilities, Weirdness & Mutations

You have an increased reservoir of magic. (+10% MP)
You shall have no god before yourself.
Your divine heritage dramatically boosts your attributes as you level up.


   Skills:
 - Level 0.8 Fighting
 - Level 1.7 Dodging
 + Level 3.1 Unarmed Combat
 + Level 2.2 Spellcasting
 * Level 3.0 Transmutations
 * Level 0.4 Poison Magic


You couldn't memorise any spells.
You knew the following spells:

 Your Spells              Type           Power      Damage    Failure   Level
a - Beastly Appendage     Tmut           26%        N/A       4%          1
b - Wereblood             Tmut           13%        N/A       8%          2
c - Spider Form           Tmut/Pois      8%         N/A       24%         3

Your spell library contained the following spells:

 Spells                   Type           Power      Damage    Failure   Level
 Ice Form                 Ice/Tmut       7%         N/A       65%         4

Inventory:

Missiles
 f - 4 stones
Armour
 a - a +0 robe (worn)
 c - a +1 cloak (worn)
   (You found it on level 1 of the Dungeon)
Jewellery
 N - a ring of positive energy (left hand)
   (You found it on level 1 of the Dungeon)

Dungeon Overview and Level Annotations

Branches:
Dungeon (2/15) Zot: 10704

.....# ##.....### ####.#
#......... .# #.#
#......... .# #.#
#......... .###.####
#......... ........#
#.........
..#....###########.........
.................r.........
................@lr........
.<#...############.........
......# .......... ......#
...######## ####### . .....
#............
####.............
#..+.............
#####.##..........


You could see an iguana, a quokka and a rat.


Message History

Your hp is fully restored (27).
The ball python hisses angrily.
The ball python closely misses you. The ball python misses you.
The ball python bites you but does no damage.
The ball python closely misses you.
A ball python is nearby!
Unknown command.
A ball python is nearby!
Casting: Beastly Appendage (safe; 4% risk of failure)
Confirm with . or Enter, or press ? or * to list all spells.
You grow a pair of large bovine horns.
Your feet morph into talons.
The ball python barely misses you. The ball python grabs you.
The ball python constricts you. The ball python barely misses you.
The ball python constricts you. 😕 HP[-1] MP[-1]
You take 1 damage, and now have 26/27 hp.
You lost 1 mp, and now have 8/9 mp.
A ball python is nearby!
You hit the ball python. The ball python bites you.
The ball python constricts you.
You hit the ball python.
You kill the ball python! 😕 HP[-1]
You take 1 damage, and now have 25/27 hp.
No target in view!
No target in view!
Your transformation is almost over.
Your horns disappear.
Your talons disappear.
As you open the door, it creaks loudly! 😎 HP[+2] MP[+1]
Your hp is fully restored (27).
Your mp is fully restored (9).
There is an open door here.
A rat and a quokka come into view.
There are monsters nearby!
There are monsters nearby!
An iguana comes into view.
Casting: Beastly Appendage (safe; 4% risk of failure)
Confirm with . or Enter, or press ? or * to list all spells.
You grow a pair of large bovine horns.
Your feet morph into talons.
The iguana hisses angrily.
The quokka closely misses you. The rat bites you but does no damage.
The quokka barely misses you. 😎 MP[-1]
You lost 1 mp, and now have 8/9 mp.
You barely miss the quokka. The rat bites you but does no damage.
The quokka bites you.
You barely miss the quokka. You claw the quokka, but do no damage.
The rat bites you but does no damage.
The quokka bites you but does no damage. 😕 HP[-4]
You take 4 damage, and now have 23/27 hp.
You hit the quokka but do no damage. Your kick misses the quokka.
The rat barely misses you. The quokka closely misses you.
You hit the iguana.
Your transformation is almost over.
The iguana closely misses you. The rat closely misses you.
The quokka barely misses you. 😕 HP[+1]
You see here 11 gold pieces.
The iguana attacks as you move away! The iguana bites you!
* * * LOW HITPOINT WARNING * * *
The quokka attacks as you move away!
The quokka bites you but does no damage.
The quokka barely misses you. 😨 HP[-11]
You take 11 damage, and now have 13/27 hp.
MASSIVE DAMAGE!! (PAUSE) 😨 MP[+1]
Your mp is fully restored (9).
Casting: Beastly Appendage (safe; 4% risk of failure)
Confirm with . or Enter, or press ? or * to list all spells.
Your blood is infused with primal strength.
The iguana closely misses you.
The quokka bites you but does no damage.
The iguana bites you.
* * * LOW HITPOINT WARNING * * *
The quokka closely misses you. 😨 HP[-4] MP[-2]
You take 4 damage, and now have 9/27 hp.
You lost 2 mp, and now have 7/9 mp.
Unknown command.
Okay, then.
You aren't carrying any potions.
Unknown command.
Okay, then.
As you read the scroll labelled LUMUAM LANAARGH, it crumbles to dust.
It is a scroll of identify.
You don't currently have any unidentified items.
The quokka closely misses you. The iguana closely misses you.
Casting: Wereblood (safe; 8% risk of failure)
Confirm with . or Enter, or press ? or * to list all spells.
Your blood is freshly infused with primal strength!
The quokka bites you.
* * * LOW HITPOINT WARNING * * *
The iguana misses you. The quokka bites you.
* * * LOW HITPOINT WARNING * * *
Your horns disappear.
Your talons disappear.
The iguana bites you!
You die...

Skill      XL: |  1  2  3 |
---------------+----------+-----
Transmutations | 2 3 |  3.0
Spellcasting   | 2 |  2.2
Unarmed Combat | 3 |  3.1
Fighting       | |  0.8
Dodging        | |  1.7
Poison Magic   | |  0.4

Action                     || total
---------------------------++-------
  Melee: Unarmed           ||   117
         Kick              ||    21
         Headbutt          ||     9
   Cast: Beastly Appendage ||    23
         Wereblood         ||     3
    Use: Scroll            ||     6
         Potion            ||     2
   Stab: Sleeping          ||     1
 Armour: Robe              ||    42
         Skin              ||     5
  Dodge: Dodged            ||   111

Levels and vault maps discovered:
D:1:      psy_arrival_radial02, layout_loops_cross,
          shapermc_ecumenical_altar_mp_ritualfount, moated_statue
D:2:      layout_basic

Notes
Turn   | Place    | Note
-------+----------+-------------------------------------------
     0 | D:1      | kae the Demigod Transmuter began the quest for the Orb.
     0 | D:1      | Reached XP level 1. HP: 15/15 MP: 5/5
     0 | D:1      | magus.rc [v1.11.3]
    34 | D:1      | Reached skill level 2 in Transmutations
   109 | D:1      | Reached XP level 2. HP: 20/22 MP: 5/7
   164 | D:1      | Reached skill level 2 in Spellcasting
   181 | D:1      | Learned a level 2 spell: Wereblood
   360 | D:1      | Reached skill level 3 in Unarmed Combat
  1008 | D:2      | HP: 5/22 [jackal (2)]
  1012 | D:2      | Reached XP level 3. HP: 8/27 MP: 5/8
  1023 | D:2      | Learned a level 3 spell: Spider Form
  1216 | D:2      | Reached skill level 3 in Transmutations
  1301 | D:2      | Slain by an iguana

Vanquished Creatures
  2 adders (D:2)
  2 dart slugs (D:1)
  5 endoplasms
  2 giant cockroaches (D:2)
  3 goblins
  5 hobgoblins (D:1)
  3 jackals (D:2)
  2 kobolds (D:1)
  4 quokkas
  2 ball pythons
  5 bats (D:1)
  4 rats
39 creatures vanquished.

Table legend:
 A = Non-vault XP
 B = Vault XP
 C = Vault XP percentage of total XP
 D = Non-vault monster count
 E = Vault monster count
 F = Vault count percentage of total count
                 A         B        C        D         E       F
            +---------+---------+-------+---------+---------+-------
      Total |      94 |       0 |   0.0 |      39 |       0 |   0.0
            +---------+---------+-------+---------+---------+-------
        D:1 |      46 |       0 |   0.0 |      25 |       0 |   0.0
        D:2 |      48 |       0 |   0.0 |      14 |       0 |   0.0
            +---------+---------+-------+---------+---------+-------

Skill      XL: |  1  2  3 |
---------------+----------+-----
Transmutations | 2 3 |  3.0
Spellcasting   | 2 |  2.2
Unarmed Combat | 3 |  3.1
Fighting       | |  0.8
Dodging        | |  1.7
Poison Magic   | |  0.4

Action                     || total
---------------------------++-------
  Melee: Unarmed           ||   117
         Kick              ||    21
         Headbutt          ||     9
   Cast: Beastly Appendage ||    23
         Wereblood         ||     3
    Use: Scroll            ||     6
         Potion            ||     2
   Stab: Sleeping          ||     1
 Armour: Robe              ||    42
         Skin              ||     5
  Dodge: Dodged            ||   111

Illustrated notes

Table legend:
 A = Kills in this place as a percentage of kills in the entire game.
 B = Kills by you in this place as a percentage of kills by you in the entire game.
 C = Kills by friends in this place as a percentage of kills by friends in the entire game.
 D = Other kills in this place as a percentage of other kills in the entire game.
 E = Experience gained in this place as a percentage of experience gained in the entire game.
 F = Experience gained in this place divided by the number of levels of this place that you have seen.
                   A       B       C       D       E      F
               +-------+-------+-------+-------+-------+----------------------
         Total | 100.0 | 100.0 |   N/A |   N/A | 100.0 |  47.0
       Dungeon | 100.0 | 100.0 |   N/A |   N/A | 100.0 |  47.0
               +-------+-------+-------+-------+-------+----------------------

Table legend: (Time is in decaauts)
 A = Elapsed time spent in this place.
 B = Non-inter-level travel time spent in this place.
 C = Inter-level travel time spent in this place.
 D = Time resting spent in this place.
 E = Time spent auto-exploring this place.
 F = Levels seen in this place.
 G = Mean time per level.
                   A        B        C        D        E       F      G
               +--------+--------+--------+--------+--------+-----+--------+
         Total |   1294 |   1280 |     14 |     17 |    938 |   2 |  647.0 |
       Dungeon |   1294 |   1280 |     14 |     17 |    938 |   2 |  647.0 |
               +--------+--------+--------+--------+--------+-----+--------+

Top non-repeatable levels by time:
     D:1: 919 daAuts
     D:2: 374 daAuts
